 Dungeon Crawl Stone Soup version 0.30-a0-1085-g990a428a5c (webtiles) character file.

Game seed: 5963651884863430282

343 gelatine the Ducker (level 6, 0/76 HPs)
             Began as a Demonspawn Gladiator on Apr 16, 2023.
             Slain by a lemure (5 damage)
             ... led by Pikel
             ... on level 4 of the Dungeon.
             The game lasted 00:10:41 (1863 turns).

gelatine the Ducker (Demonspawn Gladiator)          Turns: 1863, Time: 00:10:41

Health: 0/76       AC: 23    Str: 16    XL:     6   Next: 31%
Magic:  6/6        EV:  2    Int: 14    God:
Gold:   99         SH:  5    Dex: 20    Spells: 5/5 levels left

rFire   . . .      SeeInvis .    l - +4 spear
rCold   . . .      Faith    .    p - +1 buckler
rNeg    . . .      Spirit   .    f - melded +0 ring mail
rPois   +          Reflect  .    c - melded +0 helmet
rElec   .          Rampage  .    v - melded scarf {+Inv}
rCorr   .          NoTele   +    y - melded +0 pair of gloves
Will    .....                    (boots currently unavailable)
Stlth   +++                      (no amulet)
HPRegen 0.32/turn                h - ring of flight
MPRegen 0.10/turn                j - +6 ring of intelligence

@: tree-form (expiring)
A: stationary, stasis, torment immunity, boosted hp, (hooves 1), thin skeletal
structure 1, powered by death 1, (spiny 1), (fangs 1), agile 1, robust 1
a: no special abilities


You were on level 4 of the Dungeon.
You were a tree.
You visited 1 branch of the dungeon, and saw 4 of its levels.

You collected 99 gold pieces.

Inventory:

Hand Weapons
 a - a +0 war axe
 l - a +4 spear (weapon)
Missiles
 d - a throwing net (quivered)
 e - a javelin
Armour
 b - a +0 leather armour
 c - a +0 helmet (melded)
 f - a +0 ring mail (melded)
 p - a +1 buckler (worn)
 v - a scarf of invisibility (melded)
 y - a +0 pair of gloves (melded)
Jewellery
 h - a ring of flight (left branch)
 j - a +6 ring of intelligence (right branch)
Wands
 g - a wand of polymorph (8)
Scrolls
 n - a scroll of enchant weapon
 o - a scroll of vulnerability
 z - 2 scrolls of enchant armour
Potions
 t - a potion of flight


   Skills:
 * Level 3.1 Fighting
 + Level 3.0(3.4) Axes
 + Level 2.3(3.1) Polearms
 + Level 2.0 Throwing
 * Level 1.8 Armour
 * Level 4.1 Dodging
 * Level 1.7 Stealth
 * Level 0.2 Shields
 * Level 0.2 Evocations


You had 5 spell levels left.
You didn't know any spells.
Your spell library contained the following spells:

 Spells                   Type           Power      Damage    Failure   Level
 Poisonous Vapours        Pois/Air       0%         N/A       52%         2
 Mephitic Cloud           Conj/Pois/Air  0%         N/A       75%         3
 Freezing Cloud           Conj/Ice/Air   0%         6-21      100%        5


Dungeon Overview and Level Annotations

Branches:
Dungeon (4/15)
 Temple: D:4-7

Altars:

Shops:
D:3 (

Annotations:
D:4 Pikel


Innate Abilities, Weirdness & Mutations

You are a tree.
Your roots penetrate the ground, keeping you stationary.
You cannot be teleported.
You are immune to unholy pain and torment.
Your maximum health is greatly increased.
Your equipment is partially melded.
((You have large cloven feet.))
You have a somewhat thin skeletal structure. (Dex +2, Stealth+)
You regenerate a little health from kills.
((You are partially covered in sharp spines.))
((You have very sharp teeth.))
You are agile. (Dex +4, Str/Int -1)
You are robust. (+10% HP)


Message History

You hit Pikel.
Pikel is severely wounded.
The adder completely misses you.
Pikel hits you with a +0 whip of flaming.
* * * LOW HITPOINT WARNING * * *
Pikel burns you.
* * * LOW HITPOINT WARNING * * *
Really quaff the potion of mutation?
You feel extremely strange.
You feel stronger.
Your magic regains its normal vibrancy.
You feel agile.
You feel robust. The adder bites you but does no damage.
Pikel checks his coin pouch and frowns.
Pikel hits you but does no damage.
As you read the scroll labelled ONUAF FUKLIDE, it crumbles to dust.
You assume a fearsome visage.
Pikel looks frightened!
The lemure looks frightened! x2; The kobold looks frightened!
The goblin looks frightened!
The adder looks frightened!
It was a scroll of fear.
Pikel is attracted toward you. The goblin is attracted toward you.
The adder is attracted toward you. The lemure is attracted toward you.
The kobold is attracted toward you.
As you read the scroll labelled ZOFEDWO BIDOTH, it crumbles to dust.
You cannot blink because you are held in place by your roots.
It was a scroll of blinking.
The adder is attracted toward you. The lemure is attracted toward you.
You feel less attractive to monsters.
As you read the scroll labelled FOIGOS JUJACW, it crumbles to dust.
You feel a strange sense of stasis.
It was a scroll of teleportation.
As you read the scroll labelled GAEKOT XIBB, it crumbles to dust.
It is a scroll of enchant armour.
Your +0 buckler glows green for a moment.
The lemure hits you but does no damage.
You hit the lemure but do no damage. The lemure hits you.
* * * LOW HITPOINT WARNING * * *
You hit the lemure but do no damage.
The kobold pleads, "Why can't we all just get along?"
You block the lemure's attack. The lemure hits you but does no damage.
You closely miss the lemure.
Your transformation is almost over.
The lemure hits you.
You die...

....#.#.##.# *,,* *,,,,,
....#.#..#.# *,,* *,,,,,
..#...##.#.# *,,***,,,,,
...<.......# *,,*,,,,,,,
#.##.###.### *,,*,***,,,
...........##### *,,*,* ****
*###.###.#.....#########**,*
,,,,.....#...#........)S,*,*
,***.....###.#.5♣#.,,,,*,*,****
,* #####.....###5#,,,*,,,,,,,,*
,* ##..#..5.?#**,*,,,,,,,,***
,* ##.#...#.....#**,,,,,,,,, ,*
#,###.#...#...,,,,,,,*** ,*
*,,,5.###.#,,.,,,,,,,*,, ,*
***.#..,,.#**,*,******,* ,*
#.#...*g.,,,*,*****,,* ,*
#,###.#,..,,*,,,,,,,,,


You could see 3 lemures, an adder (fleeing) and a goblin (fleeing).

Vanquished Creatures
  Grinder (D:3)
  A hound (D:4)
  Robin (D:3)
  3 adders
  A worm (D:2)
  3 endoplasms
  3 giant cockroaches
  6 goblins
  7 hobgoblins
  7 jackals
  5 kobolds
  3 quokkas
  5 ball pythons
  2 bats
  A frilled lizard (D:2)
  26 rats
75 creatures vanquished.

Vanquished Creatures (others)
  2 fungi (D:2)
2 creatures vanquished.

Grand Total: 77 creatures vanquished

Notes
Turn   | Place    | Note
-------+----------+-------------------------------------------
     0 | D:1      | gelatine the Demonspawn Gladiator began the quest for the
                  | Orb.
     0 | D:1      | Reached XP level 1. HP: 16/16 MP: 1/1
   205 | D:1      | Gained mutation: You have a somewhat thin skeletal
                  | structure. (Dex +2, Stealth+) [demonic ancestry]
   205 | D:1      | Reached XP level 2. HP: 22/22 MP: 2/2
   228 | D:1      | Reached skill level 3 in Dodging
   724 | D:2      | Reached XP level 3. HP: 27/27 MP: 3/3
   854 | D:2      | Found a faded altar of an unknown god.
   954 | D:3      | Noticed Robin
   974 | D:3      | Gained mutation: You are weak. (Str -2) [potion of
                  | mutation]
   974 | D:3      | Gained mutation: Your spells are a little easier to cast,
                  | but a little less powerful. [potion of mutation]
   974 | D:3      | Gained mutation: You have very sharp teeth. [potion of
                  | mutation]
  1059 | D:3      | Killed Robin
  1435 | D:3      | Gained mutation: You have large cloven feet. [demonic
                  | ancestry]
  1435 | D:3      | Reached XP level 4. HP: 34/34 MP: 4/4
  1437 | D:3      | Noticed Grinder
  1441 | D:3      | Paralysed by Grinder for 5 turns
  1452 | D:3      | Killed Grinder
  1453 | D:3      | Reached skill level 1 in Armour
  1453 | D:3      | Reached skill level 4 in Dodging
  1453 | D:3      | Reached skill level 1 in Stealth
  1453 | D:3      | Gained mutation: You are partially covered in sharp spines.
                  | [demonic ancestry]
  1453 | D:3      | Reached XP level 5. HP: 28/41 MP: 5/5
  1453 | D:3      | Gained mutation: You regenerate a little health from kills.
                  | [demonic ancestry]
  1453 | D:3      | Reached XP level 6. HP: 32/47 MP: 6/6
  1681 | D:3      | Found Haizon's Weapon Shop.
  1818 | D:4      | Noticed Pikel
  1856 | D:4      | Lost mutation: You are weak. (Str -2) [potion of mutation]
  1856 | D:4      | Lost mutation: Your spells are a little easier to cast, but
                  | a little less powerful. [potion of mutation]
  1856 | D:4      | Gained mutation: You are agile. (Dex +4, Str/Int -1)
                  | [potion of mutation]
  1856 | D:4      | Gained mutation: You are robust. (+10% HP) [potion of
                  | mutation]
  1863 | D:4      | Slain by a lemure

Illustrated notes

Levels and vault maps discovered:
D:1:      co_arrival_random_square_maze, layout_rooms, minmay_misc_feat_rows
D:2:      layout_rooms, shapermc_ecumenical_altar_mp_urbaneastern
D:3:      layout_loops_cross, serial_shops, shop, minmay_rat_hole, uniq_grinder,
          uniq_robin
D:4:      layout_basic, enter_ossuary_3, hangedman_decor_points,
          chequers_big_river, uniq_pikel

Skill      XL: |  1  2  3  4 |
---------------+-------------+-----
Throwing       | 2 |  2.0
Dodging        | 3 4 |  4.1
Axes           | 3 |  3.0
Fighting       | 3 |  3.1
Polearms       | 2 |  2.3
Armour         | 1 |  1.8
Stealth        | 1 |  1.7
Shields        | |  0.2
Evocations     | |  0.2

Action                     |  1- 3 |  4- 6 || total
---------------------------+-------+-------++-------
  Melee: War axe           |    13 |       ||    13
         Spear             |   109 |    67 ||   176
         Punch             |     1 |       ||     1
         Kick              |       |    11 ||    11
         Bite              |       |     2 ||     2
  Throw: Throwing net      |     2 |       ||     2
  Evoke: Wand              |       |     2 ||     2
    Use: Potion            |     8 |     6 ||    14
         Scroll            |     4 |     7 ||    11
   Stab: Sleeping          |     8 |     2 ||    10
 Armour: Ring mail         |    41 |    14 ||    55
         Leather armour    |     2 |       ||     2
         Skin              |    62 |    15 ||    77
  Dodge: Dodged            |    78 |    18 ||    96
  Block: Buckler           |     1 |    13 ||    14

Table legend: (Time is in decaauts)
 A = Elapsed time spent in this place.
 B = Non-inter-level travel time spent in this place.
 C = Inter-level travel time spent in this place.
 D = Time resting spent in this place.
 E = Time spent auto-exploring this place.
 F = Levels seen in this place.
 G = Mean time per level.
                   A        B        C        D        E       F      G
               +--------+--------+--------+--------+--------+-----+--------+
         Total |   1855 |   1817 |     38 |      0 |   1275 |   4 |  463.8 |
       Dungeon |   1855 |   1817 |     38 |      0 |   1275 |   4 |  463.8 |
               +--------+--------+--------+--------+--------+-----+--------+

Top non-repeatable levels by time:
     D:3: 811 daAuts
     D:1: 526 daAuts
     D:2: 432 daAuts
     D:4: 85 daAuts
